 Dungeon Crawl Stone Soup version 0.19-a0-664-g51fd293 (webtiles) character file.

245 IamBaum the Ducker (level 6, -2/48 HPs)
             Began as a Merfolk Gladiator on June 15, 2016.
             Was a Believer of Makhleb.
             Slain by tijit's ghost (10 damage)
             ... on level 3 of the Dungeon.
             The game lasted 00:13:24 (3170 turns).

IamBaum the Ducker (Merfolk Gladiator)              Turns: 3170, Time: 00:13:24

Health: -2/48      AC:  6    Str: 16    XL:     6   Next: 10%
Magic:  6/6        EV: 16    Int:  7    God:    Makhleb [**....]
Gold:   101        SH:  0    Dex: 16    Spells: 0 memorised, 5 levels left

rFire  . . .     SeeInvis .     n - +0 halberd
rCold  . . .     Gourm    .     b - +0 leather armour
rNeg   . . .     Faith    .     (shield currently unavailable)
rPois  .         Spirit   .     i - +0 helmet
rElec  .         Dismiss  .     (no cloak)
rCorr  .         Reflect  .     (no gloves)
SustAt .         Harm     .     e - +1 pair of boots
MR     .....                    (no amulet)
Stlth  +.........               (no ring)
                                (no ring)

@: not resistant to hostile enchantments, very unstealthy
A: change form in water, swift swim
a: Minor Destruction, Renounce Religion


You were on level 3 of the Dungeon.
You worshipped Makhleb.
Makhleb was pleased with you.
You were not hungry.

You visited 1 branch of the dungeon, and saw 3 of its levels.

You collected 101 gold pieces.

Inventory:

Hand Weapons
 a - a +0 trident
 n - a +0 halberd (weapon)
Armour
 b - a +0 leather armour (worn)
 c - a +0 helmet
 e - a +1 pair of boots (worn)
 i - a +0 helmet (worn)
Wands
 m - a wand of teleportation (3/9)
Scrolls
 j - 2 scrolls of identify
Potions
 f - a potion of magic {unknown}
 g - a potion of resistance
 h - 2 potions of might {unknown}
 l - a potion of brilliance {unknown}
Comestibles
 k - a beef jerky


   Skills:
 + Level 3.7 Fighting
 + Level 6.4 Polearms
 + Level 2.1 Throwing
 + Level 6.5 Dodging


You had 5 spell levels left.
You didn't know any spells.

Dungeon Overview and Level Annotations

Branches:
Dungeon (3/15)

Altars:
Cheibriados
Elyvilon
Makhleb
Uskayaw
Vehumet
Yredelemnul
The Shining One

Annotations:
D:3 tijit's ghost, amateur HESk


Message History

Aim: tijit's ghost (heavily damaged, immune to nets)
You throw a throwing net. The throwing net hits tijit's ghost.
The net passes right through tijit's ghost!
Tijit's ghost is heavily damaged.
Tijit's ghost closely misses you.
You barely miss tijit's ghost.
Tijit's ghost is heavily damaged.
Tijit's ghost hits you!
* * * LOW HITPOINT WARNING * * *
Press: ? - help, Shift-Dir - straight line, f/p - tijit's ghost
Aim: tijit's ghost (heavily damaged)
You fail to use your ability.
Tijit's ghost barely misses you.
You are too injured to fight recklessly!
You are too injured to fight recklessly!
You hit tijit's ghost.
Tijit's ghost is heavily damaged.
Tijit's ghost hits you.
* * * LOW HITPOINT WARNING * * *
Tijit's ghost hits you!
You die...

...# ##...## #.#
.#.# ##+## #.# ##.#
#.# #.# ##.### #.#
##### #.# .....#
##.###...####.
##.#.# ##...##...(.
#.#.### #.....#...#
#.....#####)..###(#
###.#..>.......@Wr#
#.###############
#.# ..# ###


You could see tijit's ghost and a rat.

Vanquished Creatures
  Ijyb (D:2)
  Terence (D:2)
  3 gnolls (D:2)
  3 adders
  4 oozes (D:1)
  6 worms
  2 dart slugs (D:2)
  3 giant geckos
  An orc (D:3)
  3 giant cockroaches
  10 goblins
  9 hobgoblins
  14 jackals
  3 ball pythons
  10 bats
  8 giant newts
  5 kobolds
  10 rats
96 creatures vanquished.

Notes
Turn   | Place    | Note
--------------------------------------------------------------
     0 | D:1      | IamBaum the Merfolk Gladiator began the quest for the Orb.
     0 | D:1      | Reached XP level 1. HP: 16/16 MP: 1/1
     1 | D:1      | Found a runed door.
    39 | D:1      | Reached XP level 2. HP: 13/22 MP: 2/2
   465 | D:1      | Reached skill level 5 in Polearms
   537 | D:1      | Reached XP level 3. HP: 27/28 MP: 3/3
  1042 | D:1      | Reached skill level 5 in Dodging
  1056 | D:1      | Reached XP level 4. HP: 13/34 MP: 4/4
  1380 | D:2      | Noticed Ijyb
  1407 | D:2      | Killed Ijyb
  1641 | D:2      | Found a burning altar of Makhleb.
  1645 | D:2      | Became a worshipper of Makhleb the Destroyer
  1743 | D:2      | Reached XP level 5. HP: 29/41 MP: 5/5
  1755 | D:2      | Noticed Terence
  1763 | D:2      | Killed Terence
  1947 | D:2      | Found a hide-covered altar of Uskayaw.
  1947 | D:2      | Noticed a dagger
  1947 | D:2      | Noticed a dagger
  1958 | D:2      | Reached * piety under Makhleb
  2339 | D:2      | Found a radiant altar of Vehumet.
  2642 | D:2      | Found a glowing golden altar of the Shining One.
  2665 | D:3      | Found a snail-covered altar of Cheibriados.
  2763 | D:3      | Reached XP level 6. HP: 47/47 MP: 6/6
  2885 | D:3      | Found a white marble altar of Elyvilon.
  3093 | D:3      | Found a basalt altar of Yredelemnul.
  3148 | D:3      | Reached ** piety under Makhleb
  3154 | D:3      | Noticed tijit's ghost (amateur HESk)
  3170 | D:3      | Slain by tijit's ghost

Vault maps used:
D:1:      dpeg_arrival_caged_fury
D:2:      tso_altar, marbit_many_paths, overflow_temple_1_default,
          dancing_weapons_uskayaw, kennysheep_nondescript, uniq_terence,
          uniq_iyjb
D:3:      kennysheep_ying_yang, overflow_temple_1_default

Skill      XL: |  1  2  3  4  5 |
---------------+----------------+-----
Polearms       | 5 6 |  6.4
Dodging        | 5 6 |  6.5
Fighting       | 3 |  3.7
Throwing       | |  2.1

Action                   |  1- 3 |  4- 6 || total
-------------------------+-------+-------++-------
Melee: Trident           |   123 |   150 ||   273
       Halberd           |       |    73 ||    73
Throw: Throwing net      |       |     4 ||     4
  Use: Scroll            |       |     4 ||     4
       Potion            |       |     1 ||     1
 Stab: Sleeping          |     1 |     3 ||     4
       Distracted        |       |     1 ||     1
  Eat: Bread ration      |       |     2 ||     2
Armor: Leather armour    |    29 |    61 ||    90
Dodge: Dodged            |    93 |   174 ||   267
